 Dungeon Crawl Stone Soup version 0.30.0-20-g3b4254fcbd (webtiles) character file.

Game seed: 17500764611340450327

3105 Graphine the Protected (level 9, -4/112 HPs)
             Began as an Armataur Berserker on June 2, 2023.
             Was an Elder of Trog.
             Slain by an orc knight
             ... wielding a +0 glaive
              (28 damage)
             ... in a bailey.
             The game lasted 00:15:46 (6574 turns).

Graphine the Protected (Armataur Berserker)         Turns: 6574, Time: 00:15:48

Health: -4/112     AC: 11    Str: 27    XL:     9   Next: 60%
Magic:  9/9        EV:  6    Int:  8    God:    Trog [****..]
Gold:   317        SH:  0    Dex:  9    Spells: 8/8 levels left

rFire   + . .        A - +3 broad axe (flame)
rCold   + + .        (no shield)
rNeg    . . .        s - +0 plate armour
rPois   +            (no helmet)
rElec   .            x - scarf {rC+ rF+}
rCorr   .            (no gloves)
SInv    .            (no barding)
Will    .....        (no amulet) Stlth
                     h - ring of poison resistance
HPRegen 0.38/turn    (no ring)
MPRegen 0.11/turn

%: roll
@: berserking, very quick
A: large, rugged brown scales 3, deformed body, armoured tail, roll, long
tongue, awkward tongue, cold resistance 1, frail 1, passive freeze
a: Renounce Religion, Berserk, Trog's Hand, Brothers in Arms


You were in a bailey.
You worshipped Trog.
Trog was greatly pleased with you.
You visited 1 branch of the dungeon, and saw 7 of its levels.
You also visited: Bailey.

You collected 317 gold pieces.

Inventory:

Hand Weapons
 a - a +0 mace
 w - a +2 whip of electrocution
 y - a +3 war axe
 A - a +3 broad axe of flaming (weapon)
 B - a +0 arbalest
 C - the +10 arbalest of the Charming Sybil {heavy, Dex+5}
   (You found it in a bailey)

   Dex:       It affects your dexterity (+5).
Missiles
 e - 14 boomerangs (quivered)
 v - a throwing net
Armour
 b - a +0 animal skin
 c - a +0 cloak
 k - a +0 scale mail
 s - a +0 plate armour (worn)
 x - a scarf of resistance (worn)
 z - a scarf of invisibility
Jewellery
 h - a ring of poison resistance (left hand)
 t - an amulet of reflection
Wands
 l - a wand of digging (1)
Scrolls
 d - 3 scrolls of magic mapping
 f - a scroll of noise
 g - 3 scrolls of amnesia
 i - 3 scrolls of identify
 j - a scroll of vulnerability
 n - 4 scrolls of teleportation
 o - 3 scrolls of fog
 q - 2 scrolls of blinking
 r - a scroll of poison
Potions
 m - 4 potions of curing
 p - a potion of magic
 u - 2 potions of attraction


   Skills:
 + Level 6.8 Fighting
 + Level 2.0(4.1) Axes
 + Level 6.2(6.4) Maces & Flails
 + Level 8.4 Armour
 - Level 1.4 Dodging
 + Level 7.2 Shields


You had 8 spell levels left.
You didn't know any spells.
Your spell library was empty.

Dungeon Overview and Level Annotations

Branches:
Dungeon (7/15)             Temple (0/1) D:4          Bailey (1/1)

Altars:
Gozag
Hepliaklqana
Kikubaaqudgha


Innate Abilities, Weirdness & Mutations

You are completely covered in rugged brown scales. (AC +3, +7% HP)
Armour fits poorly on your strangely shaped body.
You have a long armoured tail.
You roll when moving toward enemies. (Rampage)
Your long tongue fully drains potion bottles. (2x potion effects)
Your tongue gives you trouble enunciating. (1.5x scroll delay)
Your flesh is cold resistant. (rC+)
You are frail. (-10% HP)
A frigid envelope surrounds you and freezes all who hurt you.


Message History

The orc knight is lightly wounded.
You barely miss the orc knight.
The orc knight is lightly wounded.
The orc knight roars a battlecry!
The orcs go into a battle-frenzy!
The orc knight hits you with a +0 glaive!!
The orc knight is very cold.
The orc knight is lightly wounded.
You closely miss the orc knight.
The orc knight is lightly wounded.
The orc knight sings a few bars from the Orcish anthem.
The orc knight hits you from afar with a +0 glaive!
The orc knight roars a battlecry!
The orc knight goes into a battle-frenzy!
The orc barely misses you. The orc knight barely misses you.
The orc knight hits you with a +0 glaive!
The orc knight is very cold.
The orc knight is moderately wounded.
The orc hits you but does no damage.
You slash the orc knight! You burn the orc knight.
The orc knight is heavily wounded.
You hit the orc knight. You burn the orc knight.
The orc knight barely misses you. x2; The orc hits you but does no damage.
You slash the orc knight! You burn the orc knight.
The orc knight is severely wounded.
You closely miss the orc knight. The orc knight completely misses you.
The orc knight hits you with a +0 glaive!!
* * * LOW HITPOINT WARNING * * *
The orc knight is very cold.
The orc knight is severely wounded.
The orc hits you but does no damage.
You are too berserk!
You slash the orc knight! You burn the orc knight.
You tail-slap the orc knight.
You kill the orc knight!
Trog accepts your kill.
You barely miss the orc knight.
The orc knight hits you with a +0 glaive!!
You die...

...≈≈#.##≈......###......≈##)#≈≈.
....≈≈.≈≈≈...#########...≈≈≈.≈≈..
............##.......##.....)....
...........##..#'#'#..##.........
...........#..##)#.##..#.........
..........##.#########.##........
..........##.')#?.:#)'.##........
..........##.###o8o###.##........
..........##.'.#@).#)'.##........
..........##.####'####.##........
...........#..##∩.∩##..##........
...........##..#'''##............
............##.....##............
....≈≈.≈≈≈...##....##....≈≈≈.≈≈..
...≈≈#)##≈....#######....≈##.#≈≈.
...≈##)∩#≈...............≈#∩.##≈.
...≈#.)....................)..#≈.


You could see an orc knight (strong) and an orc (strong).

Vanquished Creatures
  An orc knight (Bailey)
  The ghost of samai96 the Slasher, an amateur MfMo (D:3)
  A water moccasin (D:5)
  A sky beast (D:7)
  3 ice beasts
  6 orc warriors (Bailey)
  3 black bears
  2 ogres
  3 centaurs
  A phantom (D:4)
  3 scorpions
  A howler monkey (D:5)
  6 hounds
  2 gnoll boudas (D:5)
  4 jellies
  2 sleepcaps
  Jessica (D:2)
  Terence (D:2)
  An iguana (D:6)
  3 orc wizards (D:5)
  Robin (D:2)
  13 gnolls (D:5)
  6 adders
  A river rat (D:5)
  A shadow imp (D:7)
  2 white imps (D:6)
  4 ufetubi
  3 worms
  A dart slug (D:4)
  42 orcs
  5 endoplasms
  6 giant cockroaches
  15 goblins
  9 hobgoblins
  16 jackals
  5 kobolds
  3 quokkas
  5 ball pythons
  3 bats
  2 frilled lizards
  7 rats
  A spectral kobold (D:5)
197 creatures vanquished.

Notes
Turn   | Place    | Note
-------+----------+-------------------------------------------
     0 | D:1      | Graphine the Armataur Berserker began the quest for the
                  | Orb.
     0 | D:1      | Reached XP level 1. HP: 19/19 MP: 1/1
   911 | D:2      | Reached XP level 2. HP: 26/26 MP: 2/2
   914 | D:2      | Noticed Terence
   924 | D:2      | Killed Terence
   925 | D:2      | Reached skill level 3 in Armour
   925 | D:2      | Reached skill level 1 in Shields
   925 | D:2      | Reached XP level 3. HP: 25/33 MP: 3/3
  1013 | D:2      | Noticed Robin
  1019 | D:2      | Killed Robin
  1020 | D:2      | Reached XP level 4. HP: 29/40 MP: 4/4
  1310 | D:2      | Reached ** piety under Trog
  1396 | D:2      | Noticed Jessica
  1399 | D:2      | Killed Jessica
  1537 | D:2      | Found a faded altar of an unknown god.
  1933 | D:3      | Found an ancient bone altar of Kikubaaqudgha.
  2055 | D:3      | Reached XP level 5. HP: 39/48 MP: 5/5
  2230 | D:3      | Found a large runed translucent door.
  2231 | D:3      | Found a large runed translucent door.
  2246 | D:3      | Noticed samai96's ghost (amateur MfMo)
  2549 | D:3      | Killed samai96's ghost
  2550 | D:3      | Reached skill level 4 in Armour
  2550 | D:3      | Reached XP level 6. HP: 55/55 MP: 6/6
  2608 | D:3      | Gained mutation: Your flesh is cold resistant. (rC+)
                  | [potion of mutation]
  2608 | D:3      | Gained mutation: You are frail. (-10% HP) [potion of
                  | mutation]
  2608 | D:3      | Gained mutation: A frigid envelope surrounds you and
                  | freezes all who hurt you. [potion of mutation]
  2916 | D:4      | HP: 1/50 [ogre/+0 giant club (14)]
  3014 | D:4      | Reached skill level 5 in Armour
  3014 | D:4      | Reached XP level 7. HP: 28/57 MP: 7/7
  3168 | D:4      | Found a staircase to the Ecumenical Temple.
  3304 | D:5      | Entered Level 5 of the Dungeon
  3508 | D:5      | Reached *** piety under Trog
  3589 | D:5      | Found an opulent altar of Gozag.
  3710 | D:5      | Reached skill level 5 in Fighting
  3710 | D:5      | Reached skill level 5 in Maces & Flails
  3710 | D:5      | Reached XP level 8. HP: 26/65 MP: 8/8
  3714 | D:5      | Reached skill level 6 in Armour
  3780 | D:5      | Reached skill level 5 in Shields
  3958 | D:5      | Reached **** piety under Trog
  4650 | D:5      | Found a hazy altar of Hepliaklqana.
  4728 | D:5      | Reached skill level 7 in Armour
  4901 | D:6      | Reached ***** piety under Trog
  5011 | D:6      | Reached XP level 9. HP: 60/72 MP: 9/9
  5459 | D:7      | Found a flagged portal.
  5473 | Bailey   | Entered a bailey
  5486 | Bailey   | Received a gift from Trog
  5490 | Bailey   | Reached skill level 1 in Axes
  5996 | Bailey   | Reached skill level 8 in Armour
  6564 | Bailey   | Identified the +10 arbalest of the Charming Sybil {heavy,
                  | Dex+5}
  6566 | Bailey   | Noticed an orc knight
  6566 | Bailey   | Noticed an orc knight
  6574 | Bailey   | Killed an orc knight
  6574 | Bailey   | Slain by an orc knight

Illustrated notes

Levels and vault maps discovered:
D:1:      minmay_arrival_up_and_down, layout_basic
D:2:      layout_loops_cross, shapermc_ecumenical_altar_notcrosses,
          uniq_jessica, uniq_robin, uniq_terence
D:3:      wad_pebble_path, layout_basic, mainiacjoe_overflow_tiny_flanked,
          ebering_ghost_disaster_area
D:4:      layout_cave_pools, minmay_temple_entry_statues
D:5:      lemuel_castle_with_subvaults [lemuel_castle_interior_carwin_2],
          layout_loops_ring, nicolae_hepliaklqana_monster_ancestors,
          grunt_gozag_statues, portal_sewer_entry_e
D:6:      layout_cave_pools, item_on_display_a
D:7:      minmay_bubble_buster, layout_basic, lemuel_tele_altar, enter_bailey_5,
          lightli_orcish_oven
Bailey:   bailey_polearm_2, bailey

Skill      XL: |  1  2  3  4  5  6  7  8  9 |
---------------+----------------------------+-----
Fighting       | 3 4 5 6 |  6.8
Maces & Flails | 3 4 5 6 |  6.2
Armour         | 3 4 5 7 8 |  8.4
Shields        | 1 2 3 4 6 7 |  7.2
Axes           | 2 |  2.0
Dodging        | |  1.4

Action                     |  1- 3 |  4- 6 |  7- 9 || total
---------------------------+-------+-------+-------++-------
  Melee: Whip              |    48 |   131 |   182 ||   361
         Mace              |     7 |       |       ||     7
         Tailslap          |     3 |     9 |    24 ||    36
         Punch             |       |     2 |     2 ||     4
         Broad axe         |       |       |    29 ||    29
         War axe           |       |       |    16 ||    16
   Fire: Arbalest          |       |       |     6 ||     6
 Invoke: Berserk           |     1 |     1 |     4 ||     6
    Use: Scroll            |       |    12 |     4 ||    16
         Potion            |       |     2 |       ||     2
   Stab: Invisible         |       |     2 |       ||     2
 Armour: Scale mail        |    16 |    61 |     2 ||    79
         Plate armour      |       |       |   141 ||   141
         Skin              |       |       |     3 ||     3
  Dodge: Dodged            |    16 |    47 |    73 ||   136
